 Dungeon Sprint DCSS version 0.28-a0-390-gb254ac4902 (webtiles) character file.

Game seed: 620559475849188222

12341 MikeHunt the Blocker (level 11, -13/89 HPs)
             Began as a Demonspawn Ice Elementalist on Sept 3, 2021.
             Was the Champion of Sif Muna.
             Killed from afar by a crystal guardian (20 damage)
             ... with a crystal bolt
             ... in the Dungeon (Sprint III: "The Ten Rune Challenge").
             The game lasted 00:19:31 (4577 turns).

MikeHunt the Blocker (Demonspawn Ice Elementalist)  Turns: 4577, Time: 00:19:32

Health: -13/89     AC:  3    Str:  8    XL:     11   Next: 61%
Magic:  17/24      EV: 14    Int: 22    God:    Sif Muna [******]
Gold:   1708       SH: 15    Dex: 10    Spells: 6/28 levels left

rFire   . . .      SeeInvis +   q - +0 scimitar (flame)
rCold   . . .      Faith    .   t - +4 kite shield "Xomaeps" {rPois}
rNeg    . . .      Spirit   .   s - +1 robe of the Grue {rCorr Dex-4 Slay+5 SInv}
rPois   +          Reflect  .   (no helmet)
rElec   .          Harm     .   (no cloak)
rCorr   +          Rampage  .   (no gloves)
Will    .....      NoTele   +   (boots unavailable)
Stlth   ++........              (no amulet)
HPRegen 0.24/turn               (no ring)
MPRegen 0.19/turn               (no ring)

@: no status effects
A: talons 3, foul stench 1, big brain 1
a: Renounce Religion, Channel Magic, Forget Spell, Divine Exegesis


You were in the Dungeon.
You worshipped Sif Muna.
Sif Muna was exalted by your worship.
You visited 1 branch You collected 2071 gold pieces.
You spent 363 gold pieces at shops.

Inventory:

Hand Weapons
 q - a +0 scimitar of flaming (weapon)
Missiles
 f - 52 arrows
 u - 7 curare-tipped darts
Armour
 a - a +0 robe
 o - a +3 scale mail of cold resistance
 p - a +2 robe of positive energy
 r - a +0 kite shield of protection
 s - the +1 robe of the Grue (worn) {rCorr Dex-4 Slay+5 SInv}
   (You bought it in a shop in the Dungeon)

   Dex:       It affects your dexterity (-4).
   Slay:      It affects your accuracy & damage with ranged weapons and melee
   (+5).
   SInv:      It lets you see invisible.
   rCorr:     It protects you from acid and corrosion.
 t - the +4 kite shield "Xomaeps" (worn) {rPois}
   (You bought it in a shop in the Dungeon)

   rPois:     It protects you from poison.
Scrolls
 g - a scroll of blinking
 h - a scroll of immolation {unknown}
 i - 13 scrolls of identify
 l - a scroll of torment {unknown}
Potions
 b - a potion of curing
 c - 2 potions of heal wounds
 e - 2 potions of magic
 j - 3 potions of flight
 k - 5 potions of mutation
 m - a potion of lignification {unknown}
 n - 2 potions of might
Miscellaneous
 d - a condenser vane


   Skills:
 - Level 9.3 Fighting
 + Level 10.7 Long Blades
 - Level 8.8 Dodging
 - Level 1.7 Stealth
 + Level 10.7 Shields
 - Level 9.2 Spellcasting
 - Level 7.6 Conjurations
 - Level 9.0 Hexes
 - Level 4.0 Translocations
 - Level 9.7 Ice Magic
 - Level 4.4 Air Magic
 - Level 8.9 Invocations
 - Level 5.4 Evocations


You had 6 spell levels left.
You knew the following spells:

 Your Spells              Type           Power      Damage    Failure   Level
b - Frozen Ramparts       Ice            100%       1d12      1%          3
d - Hailstorm             Conj/Ice       48%        3d11      3%          4
e - Freeze                Ice            100%       1d11      1%          1
q - Blink                 Tloc           N/A        N/A       3%          2
t - Fulminant Prism       Conj/Hex       23%        3d13      3%          4
x - Ozocubu's Armour      Ice            52%        N/A       1%          3
y - Freezing Cloud        Conj/Ice/Air   21%        6-21      16%         5

Your spell library contained the following spells:

 Spells                   Type           Power      Damage    Failure   Level
 Corona                   Hex            54%        N/A       1%          1
 Magic Dart               Conj           100%       1d8       1%          1
 Shock                    Conj/Air       100%       1d9       1%          1
 Ensorcelled Hibernation  Hex/Ice        100%       N/A       1%          2
 Slow                     Hex            49%        N/A       1%          2
 Confusing Touch          Hex            49%        N/A       1%          3
 Dazzling Flash           Conj/Hex       92%        N/A       1%          3
 Tukima's Dance           Hex            49%        N/A       1%          3
 Apportation              Tloc           54%        N/A       2%          1
 Foxfire                  Conj/Fire      100%       2x1d9     2%          1
 Summon Guardian Golem    Hex/Summ       30%        N/A       5%          3
 Conjure Flame            Conj/Fire      27%        6-21      7%          3
 Metabolic Englaciation   Hex/Ice        25%        N/A       7%          5
 Iskenderun's Mystic Bla  Conj/Tloc      35%        2d8       11%         4
 Iskenderun's Battlesphe  Conj           43%        2d9       14%         5
 Ice Form                 Ice/Tmut       31%        N/A       16%         4
 Summon Ice Beast         Ice/Summ       31%        N/A       16%         4
 Leda's Liquefaction      Hex/Erth       15%        N/A       17%         4
 Airstrike                Air            14%        N/A       19%         4
 Flame Wave               Conj/Fire      27%        3d6       24%         4
 Sticky Flame             Conj/Fire      27%        2d5       24%         4
 Invisibility             Hex            24%        N/A       38%         6
 Summon Mana Viper        Hex/Summ       30%        N/A       43%         5
 Manifold Assault         Tloc           27%        N/A       52%         5
 Bolt of Magma            Conj/Fire/Erth 10%        4d7       73%         5
 Animate Armour           Summ/Erth      20%        N/A       75%         4
 Animate Dead             Necr           5%         N/A       75%         4
 Dispel Undead            Necr           10%        3d9       75%         4
 Petrify                  Tmut/Erth      10%        N/A       75%         4
 Summon Forest            Summ/Tloc      9%         N/A       80%         5
 Starburst                Conj/Fire      13%        6d6       98%         6
 Summon Cactus Giant      Summ           5%         N/A       100%        6
 Orb of Destruction       Conj           21%        9d9       99%         7
 Discord                  Hex            24%        N/A       100%        8
 Ignition                 Fire           5%         3d4       100%        8
 Summon Horrible Things   Summ           5%         N/A       100%        8


Dungeon Overview and Level Annotations

Branches:
Dungeon (1/1)

Altars:
Cheibriados
Dithmenos
Elyvilon
Fedhas
Gozag
Hepliaklqana
Kikubaaqudgha
Makhleb
Nemelex Xobeh
Okawaru
Qazlal
Ru
Sif Muna
Trog
Uskayaw
Vehumet
Wu Jian
Xom
Yredelemnul
Zin
The Shining One
Beogh
Jiyva
Lugonu

Shops:
D [

Annotations:
D exclusion: orange crystal statue


Innate Abilities, Weirdness & Mutations

You have claws for feet.
You may rarely emit foul miasma when damaged in melee.
You have an unusually large brain. (Int +2)


Message History

Confirm with . or Enter, or press ? or * to list all spells.
Aiming: Fulminant Prism (dangerous; 3% risk of failure)
Press: ? - help, Dir - move target, f - orange crystal statue
Aim: an orange crystal statue
Okay, then.
Unknown command.
You hit the hobgoblin. You burn the hobgoblin.
You kill the hobgoblin!
The hobgoblin's corpse dissolves into shadows!
The kobold throws a stone.
You block the stone.
The orange crystal statue glitters.
You resist with almost no effort.
Your fulminant prism crackles loudly.
You block the kobold's attack. You block the hobgoblin's attack.
You hear an explosion!
You block the kobold's attack. The hobgoblin closely misses you.
You hit the kobold. You burn the kobold.
You kill the kobold!
The kobold's corpse dissolves into shadows!
The hobgoblin hits you.
You barely miss the hobgoblin. You block the hobgoblin's attack.
You closely miss the hobgoblin. You block the hobgoblin's attack.
You hit the hobgoblin. You burn the hobgoblin.
You kill the hobgoblin!
The hobgoblin's corpse dissolves into shadows!
A crystal guardian comes into view.
Casting: Fulminant Prism (dangerous; 3% risk of failure)
Confirm with . or Enter, or press ? or * to list all spells.
Aiming: Fulminant Prism (dangerous; 3% risk of failure)
Press: ? - help, Dir - move target, f - crystal guardian
Aim: a crystal guardian
Okay, then.
The crystal guardian fires a crystalline bolt at you.
The crystal bolt burns you!!!
The crystal guardian fires a crystalline bolt at you.
The crystal bolt freezes you!!
* * * LOW HITPOINT WARNING * * *
The crystal guardian fires a crystalline bolt at you.
The crystal bolt freezes you!!
You die...

#
#.○...#§#c≈§≈§≈
#
#§§...#§###§≈§≈
# #☼§°..#☼☼°# ≈
# #§#####...###
#☼§○..'.).○○#
#○###########
#○# #☼# #@# #
#§# ##8# #.#
###§§§#
#.#+#§§...#
#.#..§.§..#
#9#§.9§...#
#..§§.....#
#########.# ...


You could see a crystal guardian.

Vanquished Creatures
  Harold (D)
  A centaur warrior (D)
  Erica (D)
  A skeletal warrior (D)
  A deep elf pyromancer (D)
  Joseph (D)
  A lindwurm (D)
  An orc knight (D)
  An orc sorcerer (D)
  2 cane toads (D)
  An unseen horror (D)
  A komodo dragon (D)
  A rime drake (D)
  A queen bee (D)
  2 orc high priests (D)
  2 tyrant leeches (D)
  5 blink frogs (D)
  2 redbacks (D)
  A shadow (D)
  A spatial vortex (D)
  3 wandering mushrooms (D)
  A floating eye (D)
  A swamp drake (D)
  An orc warrior (D)
  A necrophage (D)
  2 centaurs (D)
  An earth elemental (D)
  A scorpion (D)
  A water elemental (D)
  32 killer bees (D)
  3 orc priests (D)
  A jelly (D)
  Jessica (D)
  A wizard (D)
  3 orc wizards (D)
  A necromancer (D)
  3 humans (D)
  A kobold demonologist (D)
  10 orcs (D)
  2 rats (D)
98 creatures vanquished.

Vanquished Creatures (others)
  An orc priest (D)
  15 fulminant prisms (D)
  12 plants (D)
28 creatures vanquished.

Grand Total: 126 creatures vanquished

Notes
Turn   | Place    | Note
-------+----------+-------------------------------------------
     0 | D        | MikeHunt the Demonspawn Ice Elementalist began the quest
                  | for the Orb.
     0 | D        | Reached XP level 1. HP: 13/13 MP: 3/3
    53 | D        | Noticed Jessica
    57 | D        | Killed Jessica
    58 | D        | Gained mutation: You have sharp toenails. [demonic
                  | ancestry]
    58 | D        | Reached XP level 2. HP: 19/19 MP: 2/7
   115 | D        | Noticed a scorpion
   127 | D        | Killed a scorpion
   128 | D        | Reached skill level 5 in Ice Magic
   128 | D        | Gained mutation: You may rarely emit foul miasma when
                  | damaged in melee. [demonic ancestry]
   128 | D        | Reached XP level 3. HP: 13/24 MP: 3/11
   128 | D        | Gained mutation: You have razor-sharp toenails. [demonic
                  | ancestry]
   128 | D        | Reached XP level 4. HP: 16/30 MP: 3/12
   341 | D        | Learned a level 3 spell: Frozen Ramparts
   437 | D        | Learned a level 3 spell: Ozocubu's Armour
   468 | D        | Noticed a water elemental
   484 | D        | Killed a water elemental
   485 | D        | Reached XP level 5. HP: 12/35 MP: 7/14
   691 | D        | Learned a level 4 spell: Hailstorm
   691 | D        | Found a basalt altar of Yredelemnul.
   691 | D        | Found a shadowy altar of Dithmenos.
   691 | D        | Found a sacrificial altar of Ru.
   691 | D        | Noticed a necrophage
   700 | D        | Killed a necrophage
   701 | D        | Reached XP level 6. HP: 25/41 MP: 4/16
   822 | D        | Found a radiant altar of Vehumet.
   822 | D        | Found a shimmering blue altar of Sif Muna.
   822 | D        | Found an ancient bone altar of Kikubaaqudgha.
   834 | D        | Became a worshipper of Sif Muna the Loreminder
   851 | D        | Found a hide-covered altar of Uskayaw.
   851 | D        | Found an iron altar of Okawaru.
   852 | D        | Found a bloodstained altar of Trog.
   852 | D        | Found an ornate altar of the Wu Jian Council.
   852 | D        | Noticed a human
   853 | D        | Noticed a human
   860 | D        | Killed a human
   907 | D        | Killed a human
   908 | D        | Gained mutation: You have an unusually large brain. (Int
                  | +2) [demonic ancestry]
   908 | D        | Reached XP level 7. HP: 43/55 MP: 10/17
   953 | D        | Noticed a deep elf pyromancer
   955 | D        | Noticed a fire elemental
   955 | D        | Noticed a fire elemental
   957 | D        | Killed a deep elf pyromancer
   957 | D        | Reached * piety under Sif Muna
   958 | D        | Reached XP level 8. HP: 25/65 MP: 8/18
  1296 | D        | Found a blossoming altar of Fedhas.
  1296 | D        | Found a stormy altar of Qazlal.
  1296 | D        | Found a snail-covered altar of Cheibriados.
  1296 | D        | Found a burning altar of Makhleb.
  1296 | D        | Found a shimmering altar of Xom.
  1297 | D        | Found a hazy altar of Hepliaklqana.
  1297 | D        | Found an opulent altar of Gozag.
  1297 | D        | Found a sparkling altar of Nemelex Xobeh.
  1297 | D        | Found a corrupted altar of Lugonu.
  1297 | D        | Found a viscous altar of Jiyva.
  1353 | D        | Reached ** piety under Sif Muna
  1557 | D        | Found Tidaodeiq's Antique Armour Emporium.
  1559 | D        | Noticed an orc knight
  1559 | D        | Noticed Erica
  1572 | D        | Reached *** piety under Sif Muna
  1575 | D        | Killed an orc knight
  1577 | D        | Reached **** piety under Sif Muna
  1650 | D        | Reached ***** piety under Sif Muna
  1679 | D        | Noticed an orc sorcerer
  1681 | D        | Received a gift from Sif Muna
  1682 | D        | Got Sif Muna's Tome of Glamour {god gift}
  1692 | D        | Killed an orc sorcerer
  1693 | D        | Reached XP level 9. HP: 30/75 MP: 7/21
  1874 | D        | Killed Erica
  1875 | D        | Reached skill level 5 in Evocations
  1967 | D        | Bought a runed kite shield for 120 gold pieces
  1967 | D        | Bought a thick robe for 91 gold pieces
  1967 | D        | Identified the +1 robe of the Grue {rCorr Dex-4 Slay+5
                  | SInv} (You bought it in a shop in the Dungeon)
  1977 | D        | Bought a fine kite shield for 152 gold pieces
  1977 | D        | Identified the +4 kite shield "Xomaeps" {rPois} (You bought
                  | it in a shop in the Dungeon)
  2006 | D        | Learned a level 4 spell: Fulminant Prism
  2035 | D        | Reached skill level 1 in Long Blades
  2035 | D        | Reached skill level 1 in Shields
  2289 | D        | Noticed a centaur warrior
  2299 | D        | Reached skill level 1 in Hexes
  2299 | D        | Killed a centaur warrior
  2363 | D        | Noticed an unseen horror
  2366 | D        | Killed an unseen horror
  2367 | D        | Gained mutation: You have claws for feet. [demonic
                  | ancestry]
  2367 | D        | Reached XP level 10. HP: 74/83 MP: 6/23
  2491 | D        | Reached skill level 5 in Hexes
  2502 | D        | Reached skill level 5 in Long Blades
  2707 | D        | Received a gift from Sif Muna
  2708 | D        | Reached skill level 5 in Shields
  2708 | D        | Got Sif Muna's Almanac of Hurtful Flames {god gift}
  2713 | D        | Received a gift from Sif Muna
  2720 | D        | Reached ****** piety under Sif Muna
  2723 | D        | Received a gift from Sif Muna
  2741 | D        | Got Reagur's Almanac of Creation and Conjuration {god gift}
  2741 | D        | Got Sif Muna's Almanac of the Enchanting Traveller {god
                  | gift}
  2858 | D        | Learned a level 2 spell: Blink
  2864 | D        | Learned a level 5 spell: Freezing Cloud
  3063 | D        | Noticed a cane toad
  3063 | D        | Noticed a cane toad
  3067 | D        | Killed a cane toad
  3068 | D        | Reached skill level 1 in Translocations
  3068 | D        | Reached skill level 1 in Air Magic
  3073 | D        | Received a gift from Sif Muna
  3077 | D        | Killed a cane toad
  3078 | D        | Got Sif Muna's Catalogue of Bewitchment and Necromancy {god
                  | gift}
  3266 | D        | Reached XP level 11. HP: 60/89 MP: 15/24
  3320 | D        | Received a gift from Sif Muna
  3321 | D        | Got Sif Muna's Tome of Summoning and the Volcanoes {god
                  | gift}
  3525 | D        | Noticed a dire elephant
  3834 | D        | Noticed a lindwurm
  3839 | D        | Killed a lindwurm
  4101 | D        | Noticed Harold
  4101 | D        | Noticed Joseph
  4110 | D        | Killed Joseph
  4111 | D        | Killed Harold
  4111 | D        | Received a gift from Sif Muna
  4112 | D        | Reached skill level 10 in Long Blades
  4112 | D        | Reached skill level 10 in Shields
  4112 | D        | Got Sif Muna's Second Course in Theurgy {god gift}
  4274 | D        | Noticed a sun demon
  4279 | D        | Noticed a soul eater
  4443 | D        | Noticed a skeletal warrior
  4470 | D        | Killed a skeletal warrior
  4554 | D        | Noticed an orange crystal statue
  4566 | D        | Noticed a crystal guardian
  4577 | D        | Killed from afar by a crystal guardian

Illustrated notes

Levels and vault maps discovered:
D:        dungeon_sprint_mu [sprint_mu_entry_forest, sprint_mu_temple_rooms,
          sprint_mu_d1_horrors, sprint_mu_d2_genie, sprint_mu_d3_branching,
          sprint_mu_orc_legion, sprint_mu_elf_gauntlet, sprint_mu_hive_nellie,
          sprint_mu_lair_fedhas, sprint_mu_vaults_butterflies,
          sprint_mu_slime_circle, sprint_mu_shoals_kraken,
          sprint_mu_snake_twists, sprint_mu_blade_basic,
          sprint_mu_crypt_chambers, sprint_mu_tomb_spiral,
          sprint_mu_vestibule_basic, sprint_mu_gehenna_hellfire,
          sprint_mu_dis_giant, sprint_mu_tartarus_statrot,
          sprint_mu_cocytus_islands, sprint_mu_zot1]

Skill      XL: |  1  2  3  4  5  6  7  8  9 10 11 |
---------------+----------------------------------+-----
Spellcasting   | 4 6 7 8 9 |  9.2
Ice Magic      | 4 5 7 9 |  9.7
Conjurations   | 6 7 |  7.6
Fighting       | 4 6 8 9 |  9.3
Dodging        | 4 6 8 |  8.8
Invocations    | 6 8 |  8.9
Evocations     | 4 5 |  5.4
Long Blades    | 4 7 10 | 10.7
Shields        | 4 7 10 | 10.7
Hexes          | 4 8 9 |  9.0
Translocations | 3 4 |  4.0
Air Magic      | 3 4 |  4.4
Stealth        | |  1.7

Action                   |  1- 3 |  4- 6 |  7- 9 | 10-12 || total
-------------------------+-------+-------+-------+-------++-------
Melee: Kick              |       |       |     7 |    10 ||    17
       Unarmed           |       |       |     1 |       ||     1
       Scimitar          |       |       |    13 |    42 ||    55
 Cast: Freeze            |     9 |    22 |    39 |    49 ||   119
       Frozen Ramparts   |       |     6 |    11 |    11 ||    28
       Hailstorm         |       |       |    12 |     5 ||    17
       Ozocubu's Armour  |       |       |     2 |     4 ||     6
       Fulminant Prism   |       |       |     3 |    12 ||    15
       Freezing Cloud    |       |       |       |     6 ||     6
  Use: Potion            |       |       |     3 |       ||     3
 Stab: Sleeping          |       |       |       |     1 ||     1
Armor: Robe              |     1 |     1 |    12 |     3 ||    17
Dodge: Dodged            |     7 |     7 |    29 |    40 ||    83
Block: Kite shield       |       |       |       |    46 ||    46

Table legend: (Time is in decaauts)
 A = Elapsed time spent in this place.
 B = Non-inter-level travel time spent in this place.
 C = Inter-level travel time spent in this place.
 D = Time resting spent in this place.
 E = Time spent auto-exploring this place.
 F = Levels seen in this place.
 G = Mean time per level.
                   A        B        C        D        E       F      G
               +--------+--------+--------+--------+--------+-----+--------+
         Total |   4621 |   4621 |      0 |   3516 |      0 |   1 | 4621.0 |
       Dungeon |   4621 |   4621 |      0 |   3516 |      0 |   1 | 4621.0 |
               +--------+--------+--------+--------+--------+-----+--------+

Top non-repeatable levels by time:
       D: 4621 daAuts
